 Dungeon Crawl Stone Soup version 0.22-a0-353-g2d6336e (webtiles) character file.

681 vishdafish the Digger (level 7, -3/46 HPs)
             Began as an Octopode Earth Elementalist on Apr 15, 2018.
             Killed from afar by an orc wizard (9 damage)
             ... with a magic dart
             ... on level 5 of the Dungeon.
             The game lasted 00:09:47 (4718 turns).

vishdafish the Digger (Octopode Earth Elementalist) Turns: 4718, Time: 00:09:48

Health: -3/46      AC:  1    Str:  8      XL:     7   Next: 61%
Magic:  0/12       EV: 13    Int: 19      God:
Gold:   186        SH:  0    Dex: 11 (12) Spells: 7/13 levels left

rFire    + + .     SeeInvis .   q - +0 spear
rCold    + . .     Gourm    .   (no shield)
rNeg     . . .     Faith    .   (helmet restricted)
rPois    +         Spirit   +   x - amulet of guardian spirit
rElec    +         Reflect  .   s - ring of protection from fire
rCorr    +         Harm     .   t - ring of flight
MR       .....                  (no ring)
Stlth    +++.......             (no ring)
HPRegen  0.15/turn              (no ring)
MPRegen  0.13/turn              (no ring)
                                (no ring)
                                (no ring)

@: resistant (expiring), heavily drained
A: almost no armour, stealthy swim, amphibious, 8 rings, constrict 8, antennae
1, tentacle spike 1, camouflage 1, deterioration 1, gelatinous body 1
a: Evoke Flight


You were on level 5 of the Dungeon.
You were not hungry.

You visited 1 branch of the dungeon, and saw 5 of its levels.

You collected 186 gold pieces.

Inventory:

Hand Weapons
 c - a +0 quarterstaff
 j - a +0 dagger
 k - a +2 vampiric dagger
 q - a +0 spear (weapon)
Missiles
 b - 58 stones (quivered)
Jewellery
 s - a ring of protection from fire (left tentacle)
 t - a ring of flight (right tentacle)
 x - an amulet of guardian spirit (around mantle)
Wands
 p - a wand of flame (19)
 u - a wand of iceblast (9)
Scrolls
 a - a scroll of random uselessness {unknown}
 f - 2 scrolls of teleportation
 h - 4 scrolls of remove curse
 n - a scroll of fear {unknown}
 o - 3 scrolls of blinking {unknown}
 v - a scroll of noise {unknown}
 w - a scroll of amnesia {unknown}
 y - a scroll of fog {unknown}
Potions
 d - a potion of cancellation {unknown}
 e - a potion of magic
 g - 2 potions of curing
 i - 3 potions of degeneration
 l - a potion of flight
 A - a potion of heal wounds {unknown}
Comestibles
 m - 10 rations
 z - 3 chunks of flesh


   Skills:
 + Level 3.6(2.1) Fighting
 * Level 2.6(1.1) Polearms
 - Level 3.6(2.1) Dodging
 - Level 2.6(1.2) Stealth
 - Level 3.5(2.0) Spellcasting
 * Level 2.7(1.2) Conjurations
 - Level 1.0(0.0) Transmutations
 - Level 4.4(2.8) Earth Magic


You had 7 spell levels left.
You knew the following spells:

 Your Spells              Type           Power        Failure   Level  Hunger
a - Sandblast             Erth           ##....       5%          1    #......
b - Stone Arrow           Conj/Erth      #.....       22%         3    ###....
c - Passwall              Tmut/Erth      #.........   14%         2    ###....


Dungeon Overview and Level Annotations

Branches:
Dungeon (5/15)
 Temple: D:4-7

Altars:
Dithmenos
Trog
Vehumet
The Shining One

Shops:
D:4 %

Annotations:
D:5 Menkaure, Pikel


Innate Abilities, Weirdness & Mutations

You cannot wear most types of armour.
You are very stealthy in the water. (Stealth+)
You are amphibious.
You can wear up to eight rings at the same time.
You can use your tentacles to constrict eight enemies at once.
Your skin changes colour to match your surroundings (Stealth+).
Your rubbery body absorbs attacks. (AC +1, EV +1)
You have a pair of small antennae on your head.
One of your tentacles bears a spike.
Your body sometimes deteriorates upon taking damage.


Message History

You don't have enough magic to cast that spell.
Unknown command.
You hit the orc wizard but do no damage.
Your grab misses the orc wizard.
Your tentacle spike misses the orc wizard.
You squeeze the orc wizard, but do no damage.
The orc wizard is almost dead.
The orc wizard misses you.
You closely miss the orc wizard. You grab the orc wizard.
You pierce the orc wizard, but do no damage.
You kill the orc wizard!
p - a wand of flame (19)
You start to feel less resistant.
An orc priest comes into view.
An orc wizard comes into view. It is wielding a dagger.
The orc wizard shouts!
There is a stone staircase leading up here.
The orc wizard casts a spell at you. The magic dart hits you!
You die...

.... #..........# ....
.####..........# . ..
.o..............# .#
..####.......##.####..#
#..##............# ###
###..##...##)###..## ...
.......o.###†###...# ...
.........# #......# ...
........@.###.....### ##
#.#...?....##.......#
.._.......#.##....##.#
#####...#.#.....o#.###....# .
.Kp..............#.###..#.#
#####............#..##.##..#
###....................#...
###..........................#
....#......#............%#..##


You could see an orc priest and an orc wizard.

Vanquished Creatures
  Grinder (D:3)
  The ghost of vishdafish the Ducker, an amateur OpIE of Vehumet (D:4)
  A slave (D:4)
  A scorpion (D:4)
  An orc wizard (D:5)
  An iguana (D:3)
  5 gnolls
  3 adders
  A howler monkey skeleton (D:4)
  An ooze (D:4)
  6 worms
  2 dart slugs
  3 leopard geckos
  An orc (D:5)
  A ball python (D:1)
  3 giant cockroaches (D:2)
  8 goblins
  7 hobgoblins
  14 jackals
  A quokka (D:3)
  9 bats
  2 frilled lizards (D:1)
  9 kobolds
  A leopard gecko skeleton (D:4)
  7 rats
90 creatures vanquished.

Notes
Turn   | Place    | Note
-------+----------+-------------------------------------------
     0 | D:1      | vishdafish the Octopode Earth Elementalist began the quest for the Orb.
     0 | D:1      | Reached XP level 1. HP: 11/11 MP: 3/3
    86 | D:1      | Reached XP level 2. HP: 12/18 MP: 1/5
   590 | D:1      | Reached skill level 1 in Fighting
   851 | D:2      | Reached XP level 3. HP: 20/23 MP: 6/6
  1696 | D:2      | Reached XP level 4. HP: 21/28 MP: 7/7
  2409 | D:2      | Found a glowing golden altar of the Shining One.
  2712 | D:3      | Noticed Grinder
  2716 | D:3      | Paralysed by Grinder for 3 turns
  2725 | D:3      | Killed Grinder
  2725 | D:3      | Reached skill level 4 in Earth Magic
  2725 | D:3      | Reached XP level 5. HP: 7/36 MP: 1/10
  2725 | D:3      | Reached XP level 6. HP: 8/41 MP: 1/11
  2812 | D:3      | Learned a level 3 spell: Stone Arrow
  2815 | D:3      | Learned a level 2 spell: Passwall
  3361 | D:4      | Found Loubboji's Food Shop.
  3508 | D:4      | HP: 1/42 [gnoll (8)]
  3787 | D:4      | Reached skill level 1 in Polearms
  3787 | D:4      | Reached skill level 1 in Conjurations
  3847 | D:4      | Noticed vishdafish's ghost (amateur OpIE)
  3876 | D:4      | Killed vishdafish's ghost
  3876 | D:4      | Reached XP level 7. HP: 31/46 MP: 3/12
  3960 | D:4      | Found a shadowy altar of Dithmenos.
  4169 | D:5      | Entered Level 5 of the Dungeon
  4502 | D:5      | Found a bloodstained altar of Trog.
  4505 | D:5      | Noticed Pikel
  4671 | D:5      | Noticed Menkaure
  4674 | D:5      | Gained mutation: Your body sometimes deteriorates upon taking damage. [potion of mutation]
  4674 | D:5      | Gained mutation: You have a pair of small antennae on your head. [potion of mutation]
  4674 | D:5      | Gained mutation: One of your tentacles bears a spike. [potion of mutation]
  4680 | D:5      | Found a radiant altar of Vehumet.
  4718 | D:5      | Killed from afar by an orc wizard

Vault maps used:
D:1:      elethiomel_arrival_infinity_welcomes_careful_drivers
D:2:      tso_altar, minmay_randomly_rotated_circles
D:3:      uniq_grinder
D:4:      nicolae_overflow_crystal_walls, serial_shops, kennysheep_mini
D:5:      lemuel_crystal_altar, first_ration, hangedman_decor_diamond_cutter,
          zaba_anthole, grunt_decor_cap, vehumet_altar_wand_db, uniq_menkaure,
          uniq_pikel

Skill      XL: |  1  2  3  4  5  6 |
---------------+-------------------+-----
Fighting       | 1 2 3 |  3.6
Dodging        | 3 |  3.6
Spellcasting   | 3 |  3.5
Earth Magic    | 4 |  4.4
Polearms       | 2 |  2.6
Conjurations   | 2 |  2.7
Stealth        | |  2.6
Transmutations | |  1.0

Action                   |  1- 3 |  4- 6 |  7- 9 || total
-------------------------+-------+-------+-------++-------
Melee: Unarmed           |    75 |       |       ||    75
       Constrict         |    24 |    18 |     5 ||    47
       Tentacles         |    14 |     8 |     4 ||    26
       Quarterstaff      |     5 |    39 |       ||    44
       Spear             |       |    28 |    20 ||    48
       Kick              |       |       |     1 ||     1
 Cast: Sandblast         |    17 |    50 |    15 ||    82
  Use: Potion            |       |     2 |     2 ||     4
       Scroll            |       |     5 |     2 ||     7
 Stab: Sleeping          |     6 |    12 |     4 ||    22
  Eat: Ration            |     1 |     1 |       ||     2
       Chunk             |       |     4 |     1 ||     5
Armor: Skin              |    14 |    10 |       ||    24
Dodge: Dodged            |    78 |    78 |    19 ||   175

Table legend:
 A = Spawn XP
 B = Non-spawn XP
 C = Spawn XP percentage of total XP
 D = Spawn monster count
 E = Non-spawn monster count
 F = Spawn count percentage of total count
 G = Total turns spent on level
                    A         B        C        D         E        F      G
               +---------+---------+-------+---------+---------+-------+---------
         Total |       0 |     973 |   0.0 |       0 |      89 |   0.0 |  4718
               +---------+---------+-------+---------+---------+-------+---------
           D:1 |       0 |      33 |   0.0 |       0 |      15 |   0.0 |   827
           D:2 |       0 |      98 |   0.0 |       0 |      35 |   0.0 |  1655
           D:3 |       0 |     361 |   0.0 |       0 |      19 |   0.0 |   724
           D:4 |       0 |     415 |   0.0 |       0 |      13 |   0.0 |  1009
           D:5 |       0 |      66 |   0.0 |       0 |       7 |   0.0 |   503
               +---------+---------+-------+---------+---------+-------+---------
